 Dungeon Crawl Stone Soup version 0.27-a0-1006-g1fd4cec11e (webtiles) character file.

Game seed: 9802925446344647539

434 siradein the Skirmisher (level 6, 0/52 HPs)
             Began as a Demonspawn Fighter on Apr 18, 2021.
             Killed from afar by a centaur (14 damage)
             ... with a puff of flame
             ... on level 5 of the Dungeon.
             The game lasted 00:07:03 (4024 turns).

siradein the Skirmisher (Demonspawn Fighter)        Turns: 4024, Time: 00:07:05

Health: 0/52       AC: 13    Str: 18    XL:     6   Next: 67%
Magic:  15/15      EV:  7    Int:  9    God:
Gold:   246        SH:  9    Dex: 13    Spells: 5/5 levels left

rFire    . . .     SeeInvis +   m - +1 mace (protect)
rCold    . . .     Faith    .   c - +0 kite shield
rNeg     . . .     Spirit   .   b - +0 scale mail
rPois    .         Reflect  .   (helmet restricted)
rElec    .         Harm     .   (no cloak)
rCorr    .         Rampage  .   (no gloves)
Will     .....                  (no boots)
Stlth    ..........             (no amulet)
HPRegen  0.17/turn              s - ring of magical power
MPRegen  0.14/turn              u - ring of see invisible

@: under a protective aura
A: antennae 1, powered by death 1
a: no special abilities


You were on level 5 of the Dungeon.
You visited 1 branch of the dungeon, and saw 5 of its levels.

You collected 246 gold pieces.

Inventory:

Hand Weapons
 m - a +1 mace of protection (weapon)
Missiles
 n - 35 poisoned darts (quivered)
Armour
 b - a +0 scale mail (worn)
 c - a +0 kite shield (worn)
Jewellery
 s - a ring of magical power (left hand)
 u - a ring of see invisible (right hand)
Wands
 a - a wand of charming (10)
 r - a wand of flame (27)
Scrolls
 e - 2 scrolls of silence {unknown}
 g - a scroll of magic mapping {unknown}
 k - 4 scrolls of vulnerability {unknown}
 o - 2 scrolls of teleportation {unknown}
 t - a scroll of identify {unknown}
Potions
 d - a potion of might
 f - a potion of flight {unknown}
 h - a potion of attraction {unknown}
 i - 3 potions of mutation {unknown}
 j - 2 potions of curing {unknown}
 l - a potion of magic {unknown}
 p - a potion of ambrosia {unknown}
 q - a potion of cancellation {unknown}


   Skills:
 + Level 5.7 Fighting
 + Level 4.8 Maces & Flails
 - Level 2.6 Armour
 - Level 2.6 Shields


You had 5 spell levels left.
You didn't know any spells.
Your spell library was empty.

Dungeon Overview and Level Annotations

Branches:
Dungeon (5/15)
 Temple: D:4-7

Altars:
Qazlal
Ru

Shops:
D:2 ?

Annotations:
D:4 Blork the orc, Menkaure


Innate Abilities, Weirdness & Mutations

You have a pair of small antennae on your head.
You regenerate a little health from kills.


Message History

You block the centaur's attack. x2
Your shield prevents you from hitting the centaur.
The centaur is moderately wounded.
The centaur zaps a wand.
The puff of flame misses you.
The centaur zaps a wand.
The puff of flame hits you but does no damage.
You barely miss the centaur.
The centaur is moderately wounded.
The centaur hits you. You block the centaur's attack.
The centaur hits you but does no damage.
The centaur barely misses you.
You closely miss the centaur.
The centaur is moderately wounded.
The centaur barely misses you. The centaur kicks you.
You block the centaur's attack. The centaur kicks you.
* * * LOW HITPOINT WARNING * * *
You sock the centaur!
Your weapon exudes an aura of protection.
The centaur is heavily wounded.
The centaur zaps a wand.
The puff of flame hits you but does no damage.
The centaur hits you but does no damage.
The centaur kicks you but does no damage.
You closely miss the centaur.
The centaur is heavily wounded.
The centaur barely misses you. The centaur kicks you.
* * * LOW HITPOINT WARNING * * *
The centaur barely misses you.
The centaur kicks you but does no damage.
You hit the centaur but do no damage.
The centaur is heavily wounded.
You block the centaur's attack. x2
The centaur hits you but does no damage.
The centaur kicks you but does no damage.
You hit the centaur but do no damage.
The centaur is heavily wounded.
The centaur zaps a wand.
You block the puff of flame. You block the centaur's attack.
The centaur kicks you but does no damage.
The centaur zaps a wand.
The puff of flame hits you!
You die...

.# $#
#.#
##...##
#.#?#.#
#.....
#.#.#.#
#.@c.#
#.#.##
#.#.#
#.#..
##.####
#...#
#...#
#...#
###.#


You could see a centaur.

Vanquished Creatures
  A necrophage (D:4)
  An ogre (D:5)
  A scorpion (D:5)
  2 hounds (D:5)
  An iguana (D:4)
  A gnoll (D:3)
  An adder (D:2)
  An adder skeleton (D:4)
  A worm (D:2)
  A dart slug (D:1)
  8 orcs
  5 ball pythons
  7 endoplasms
  3 giant cockroaches
  10 goblins
  11 hobgoblins
  6 jackals
  6 kobolds
  2 quokkas (D:1)
  7 bats
  4 frilled lizards
  7 rats
87 creatures vanquished.

Vanquished Creatures (others)
  5 toadstools (D:1)
5 creatures vanquished.

Grand Total: 92 creatures vanquished

Notes
Turn   | Place    | Note
-------+----------+-------------------------------------------
     0 | D:1      | siradein the Demonspawn Fighter began the quest for the
                  | Orb.
     0 | D:1      | Reached XP level 1. HP: 18/18 MP: 1/1
   330 | D:1      | Gained mutation: You have a pair of small antennae on your
                  | head. [demonic ancestry]
   330 | D:1      | Reached XP level 2. HP: 24/24 MP: 2/2
   781 | D:1      | Found a faded altar of an unknown god.
  1039 | D:1      | Gained mutation: You regenerate a little health from kills.
                  | [demonic ancestry]
  1039 | D:1      | Reached XP level 3. HP: 29/29 MP: 3/3
  1265 | D:2      | Found Afripiaxt's Magic Scroll Emporium.
  1548 | D:2      | Found a sacrificial altar of Ru.
  1753 | D:2      | Reached skill level 4 in Fighting
  1928 | D:3      | Reached XP level 4. HP: 37/37 MP: 4/4
  2289 | D:3      | Found a stormy altar of Qazlal.
  2895 | D:4      | Noticed Blork the orc
  2895 | D:4      | Noticed Menkaure
  2895 | D:4      | Noticed a black bear
  3240 | D:4      | Noticed a necrophage
  3260 | D:4      | Killed a necrophage
  3261 | D:4      | Reached XP level 5. HP: 42/43 MP: 5/5
  3330 | D:4      | Reached skill level 5 in Fighting
  3455 | D:5      | Entered Level 5 of the Dungeon
  3465 | D:5      | Reached XP level 6. HP: 41/51 MP: 6/6
  4024 | D:5      | Killed from afar by a centaur

Illustrated notes

Levels and vault maps discovered:
D:1:      ldierk_walled_garden, layout_basic,
          hellmonk_ecumenical_altar_arch_garden, hex_large,
          chequers_serial_rivers_marsh, minmay_tiny_reverse_x
D:2:      layout_loops_cross, serial_shops,
          nicolae_shop_temple_entry_statues_fountains, basic_altar
D:3:      minmay_spotlight, layout_basic, lemuel_round_altar,
          minmay_stone_trees_medium
D:4:      layout_cave_pools, temple_hall, serial_park, serial_park_tiny_2,
          serial_park_tiny_pond, serial_park_paths
          [serial_park_minivault_5x5_3], serial_park_square1
          [serial_park_minivault_5x5_3], serial_park_tiny_2, serial_park_tiny_1,
          kennysheep_generic_room_12, uniq_blork_the_orc, uniq_menkaure
D:5:      layout_loops_ring

Skill      XL: |  1  2  3  4  5 |
---------------+----------------+-----
Maces & Flails | 2 3 4 |  4.8
Fighting       | 4 5 |  5.7
Armour         | |  2.6
Shields        | |  2.6

Action                   |  1- 3 |  4- 6 || total
-------------------------+-------+-------++-------
Melee: Flail             |    23 |       ||    23
       Dagger            |    68 |       ||    68
       Mace              |    32 |   161 ||   193
Armor: Scale mail        |    81 |   107 ||   188
Dodge: Dodged            |    38 |    56 ||    94
Block: Kite shield       |    64 |   105 ||   169

Table legend: (Time is in decaauts)
 A = Elapsed time spent in this place.
 B = Non-inter-level travel time spent in this place.
 C = Inter-level travel time spent in this place.
 D = Time resting spent in this place.
 E = Time spent auto-exploring this place.
 F = Levels seen in this place.
 G = Mean time per level.
                   A        B        C        D        E       F      G
               +--------+--------+--------+--------+--------+-----+--------+
         Total |   4152 |   4078 |     74 |    662 |   2373 |   5 |  830.4 |
       Dungeon |   4152 |   4078 |     74 |    662 |   2373 |   5 |  830.4 |
               +--------+--------+--------+--------+--------+-----+--------+

Top non-repeatable levels by time:
     D:3: 1298 daAuts
     D:1: 1228 daAuts
     D:2: 726 daAuts
     D:5: 585 daAuts
     D:4: 315 daAuts
